 Dungeon Crawl Stone Soup version 0.29.1-15-g9cfb28693d (webtiles) character file.

Game seed: 17117468637750647503

26289 Artool the Warrior (level 12, -12/99 HPs)
             Began as a Demonspawn Fighter on Apr 11, 2023.
             Was an Elder of Hepliaklqana.
             Mangled by a reaper
             ... wielding a +6 scythe of flaming
              (26 damage)
             ... in a Gauntlet.
             The game lasted 01:24:48 (16600 turns).

Artool the Warrior (Demonspawn Fighter)            Turns: 16600, Time: 01:24:48

Health: -12/99     AC: 21    Str: 36    XL:     12   Next: 97%
Magic:  12/12      EV: 10    Int: 15    God:    Hepliaklqana [****..]
Gold:   593        SH:  0    Dex: 13    Spells: 11/11 levels left

rFire   . . .      SeeInvis .   Q - +5 whip (venom)
rCold   . . .      Faith    .   (no shield)
rNeg    . . .      Spirit   .   K - +1 ring mail of the Arcane {Str+3 Int+5}
rPois   .          Reflect  .   g - +0 helmet
rElec   .          Harm     .   k - +0 cloak
rCorr   .          Rampage  .   (gloves unavailable)
Will    .....      NoTele   +   B - +0 pair of boots
Stlth   +.........              E - amulet of regeneration
HPRegen 1.06/turn               n - +6 ring of strength
MPRegen 0.13/turn               S - +6 ring of strength

@: mighty, sanguine armoured, hasted, studying Fighting, very quick
A: reduced essence, powered by pain 1, sanguine armour 2, demonic touch 3
a: Renounce Religion, Recall Ancestor, Ancestor Identity, Transference, Idealise


You were in a Gauntlet.
You worshipped Hepliaklqana.
Hepliaklqana was greatly pleased with you.
You visited 4 branches of the dungeon, and saw 15 of its levels.
You also visited: Sewer and Gauntlet.

You collected 1825 gold pieces.
You spent 1232 gold pieces at shops.

Inventory:

Hand Weapons
 Q - a +5 whip of venom (weapon)
Missiles
 w - a throwing net
 y - 5 curare-tipped darts
 J - 6 boomerangs (quivered)
 P - 34 poisoned darts
 R - 8 javelins
Armour
 g - a +0 helmet (worn)
 k - a +0 cloak (worn)
 B - a +0 pair of boots (worn)
 K - the +1 ring mail of the Arcane (worn) {Str+3 Int+5}
   (You found it on level 8 of the Dungeon)

   Str:       It affects your strength (+3).
   Int:       It affects your intelligence (+5).
Jewellery
 n - a +6 ring of strength (left hand)
 p - a ring of poison resistance
 q - a ring of see invisible
 A - the ring of Fixkonni {rF- rN+ rCorr Int+2}
   (You found it on level 3 of the Dungeon)

   [ring of positive energy]

   Int:       It affects your intelligence (+2).
   rF:        It makes you vulnerable to fire.
   rN:        It protects you from negative energy.
   rCorr:     It protects you from acid and corrosion.
 E - an amulet of regeneration (around neck)
 S - a +6 ring of strength (right hand)
 T - a ring of resist corrosion
Wands
 F - a wand of iceblast (3)
 N - a wand of paralysis (4)
 O - a wand of digging (9)
 U - a wand of flame (17)
Scrolls
 h - 6 scrolls of identify
 j - 8 scrolls of teleportation
 v - a scroll of summoning {unknown}
 x - a scroll of butterflies
 H - a scroll of noise {unknown}
 W - 2 scrolls of blinking {unknown}
Potions
 d - 3 potions of might
 o - 7 potions of curing
 t - a potion of degeneration {unknown}
 I - a potion of haste
Miscellaneous
 c - a lightning rod (4/4)


   Skills:
 + Level 15.5 Fighting
 - Level 12.0 Maces & Flails
 - Level 5.0 Throwing
 - Level 10.0 Armour
 - Level 3.0 Shields


You had 11 spell levels left.
You didn't know any spells.
Your spell library contained the following spells:

 Spells                   Type           Power      Damage    Failure   Level
 Foxfire                  Conj/Fire      0%         2x1d4     34%         1
 Sandblast                Erth           0%         2d4       34%         1
 Blink                    Tloc           0%         N/A       45%         2
 Passwall                 Tmut/Erth      0%         N/A       45%         2
 Conjure Flame            Conj/Fire      0%         6-21      71%         3
 Dazzling Flash           Conj/Hex       0%         N/A       71%         3
 Ignite Poison            Fire/Tmut/Pois 0%         N/A       71%         3
 Inner Flame              Hex/Fire       0%         N/A       71%         3
 Lesser Beckoning         Tloc           0%         N/A       71%         3
 Ozocubu's Armour         Ice            0%         N/A       71%         3
 Stone Arrow              Conj/Erth      0%         3d7       71%         3
 Summon Guardian Golem    Hex/Summ       0%         N/A       71%         3
 Flame Wave               Conj/Fire      0%         2d4       98%         4
 Iskenderun's Mystic Bla  Conj/Tloc      0%         2d3       98%         4
 Sticky Flame             Conj/Fire      0%         2d3       98%         4
 Freezing Cloud           Conj/Ice/Air   0%         6-21      100%        5
 Manifold Assault         Tloc           0%         N/A       100%        5
 Metabolic Englaciation   Hex/Ice        0%         N/A       100%        5
 Simulacrum               Ice/Necr       0%         N/A       100%        6
 Starburst                Conj/Fire      0%         6d3       100%        6
 Orb of Destruction       Conj           0%         9d5       100%        7
 Ozocubu's Refrigeration  Ice            0%         4d7       100%        7
 Spellforged Servitor     Conj/Summ      0%         N/A       100%        7


Dungeon Overview and Level Annotations

Branches:
Dungeon (11/15)            Temple (1/1) D:7            Lair (1/5) D:11
    Orc (2/2) D:10            Elf (0/3) Orc:2         Sewer (visited)
Gauntlet (1/1)

Altars:
Ashenzari
Cheibriados
Dithmenos
Fedhas
Gozag
Hepliaklqana
Kikubaaqudgha
Makhleb
Nemelex Xobeh
Okawaru
Qazlal
Ru
Sif Muna
Trog
Uskayaw
Vehumet
Wu Jian
Xom
Yredelemnul

Shops:
Orc:2 ([=?:

Annotations:
D:8 1 runed translucent door, Jakudza's ghost, novice TeAE
D:10 1 runed translucent door, Henri's ghost, journeyman OpVM Gauntlet 13 transporters


Innate Abilities, Weirdness & Mutations

Your life essence is reduced to manifest your ancestor. (-10% HP)
You sometimes gain a little power by taking damage.
When seriously injured, your blood forms thick armour. (AC +9)
Your touch may irresistibly damage your foes and sap their willpower.


Message History

The reaper closely misses you.
Zosia hits the reaper but does no damage.
You whack the hellwing!
The hellwing is moderately wounded.
Zosia hits the reaper but does no damage.
You hit the hellwing but do no damage. Your touch misses the hellwing.
The hellwing is moderately wounded.
The hellwing hits you.
* * * LOW HITPOINT WARNING * * *
The hellwing hits you but does no damage.
The reaper completely misses you.
You hit the hellwing but do no damage.
The hellwing is moderately wounded.
Zosia barely misses the reaper.
You thrash the hellwing!! Your touch misses the hellwing.
The hellwing is severely wounded.
Zosia hits the reaper but does no damage.
You hit the hellwing.
You touch the hellwing!
You sap its willpower!
The hellwing is almost dead.
The hellwing hits you but does no damage. x2
The reaper hits you from afar with a +6 scythe of flaming!
* * * LOW HITPOINT WARNING * * *
The reaper burns you.
* * * LOW HITPOINT WARNING * * *
You whack the hellwing!
You kill the hellwing!
Zosia hits the reaper with a +0 dagger of draining!
Throw: 6 boomerangs
Press: ? - help, Q - select action, (/) - cycle Shift-Dir - straight line, f - reaper
Aim: a reaper, wielding a +6 scythe of flaming (heavily wounded, very poisoned, ally target, 67% to hit)
You throw a boomerang.
The boomerang hits the reaper but does no damage.
The reaper is heavily wounded.
Zosia hits the reaper but does no damage.
The reaper hits Zosia with a +6 scythe of flaming!!!
The reaper burns Zosia!
Zosia is destroyed!
Okay, then.
The reaper hits you from afar with a +6 scythe of flaming!!
You die...

# #8#..#.#?#..#..#.#.#..#8# #8#
#####..#.#!...#....#.#..#########
.......#.#.^^###...#.#..........#
.......#.#...bbbth.#.#..........#
########.###########.#########...
©........#≈§≈≈8≈≈≈§#........©#...
########.###########.############
....##.#.#......#..#.#.#....©)...
...#.#.#.#.....#@..#.#.#......P..
..#..#.#.##....#...#.#.#..#...#..
©#...#.#.#?##.#©.2.#.#.#.........
#....#.#©#©..###...#©#.#....©....
.#...#.###[...#.##.###.#..P.†P...
..#..#...#...#....##...#..#...#..
...#D#...#...#.....#...#.........
©)[w##...#[.#......#...#.........
######...###########.§.##########


You could see a reaper (very poisoned), a hell hound and 3 fire bats.

Vanquished Creatures
  Erolcha (Orc:1)
  2 two-headed ogres
  3 orc high priests
  A soul eater (D:11)
  A sixfirhy (D:11)
  Pikel (D:4)
  A deep elf pyromancer (D:9)
  2 ugly things (D:9)
  3 orc sorcerers (Orc:2)
  A cyclops (D:11)
  A gargoyle (D:10)
  A kobold demonologist (D:10)
  A komodo dragon (D:11)
  A hellwing (Gauntlet)
  2 trolls
  3 hornets
  25 yaks
  2 shadows
  A wyvern (D:9)
  3 steam dragons
  Menkaure (D:5)
  A vampire mosquito (D:11)
  A neqoxec (D:11)
  4 wargs
  2 water moccasins
  Edmund (D:4)
  An ice beast (D:6)
  15 orc warriors
  6 centaurs
  4 ogres
  A phantom (D:6)
  4 kobold brigands
  A bullfrog (D:7)
  3 necrophages
  4 scorpions
  17 wights
  6 howler monkeys
  2 electric eels (D:10)
  A quasit (D:11)
  23 orc priests
  A jelly (D:6)
  8 iguanas
  An iron imp (D:10)
  19 orc wizards
  3 gnolls (D:5)
  5 adders
  A shadow imp (D:7)
  2 white imps (D:6)
  4 ufetubi
  A worm (D:3)
  A dart slug (D:1)
  45 orcs
  5 ball pythons
  9 bats
  9 endoplasms
  A giant cockroach (D:2)
  12 goblins
  6 hobgoblins
  3 jackals (D:4)
  25 kobolds
  4 quokkas
  2 frilled lizards
  4 rats
325 creatures vanquished.

Vanquished Creatures (collateral kills)
  An ettin (Orc:1)
  2 orc high priests
  2 orc sorcerers
  A rust devil (D:11)
  A troll (Orc:2)
  A wraith (D:11)
  2 basilisks
  2 yaks (D:9)
  A chaos spawn (D:11)
  A vampire mosquito (D:11)
  5 orc warriors (Orc:2)
  A wight (D:9)
  3 orc priests
  8 orc wizards
  14 orcs
45 creatures vanquished.

Vanquished Creatures (others)
  An orc warrior (D:6)
  A scorpion (D:6)
  A howler monkey (D:6)
  An orc priest (Orc:2)
  5 ancestors
  2 hexers
  2 iguanas (D:6)
  An adder (D:6)
  An orc (D:6)
  2 demonic plants (D:11)
  5 fungi (Gauntlet)
  44 plants
66 creatures vanquished.

Grand Total: 436 creatures vanquished

Notes
Turn   | Place    | Note
-------+----------+-------------------------------------------
     0 | D:1      | Artool the Demonspawn Fighter began the quest for the Orb.
     0 | D:1      | Reached XP level 1. HP: 18/18 MP: 1/1
   250 | D:1      | Gained mutation: You sometimes gain a little power by
                  | taking damage. [demonic ancestry]
   250 | D:1      | Reached XP level 2. HP: 24/24 MP: 2/2
  1441 | D:2      | Got the Codex of Terrain and Congelation
  1479 | D:2      | Gained mutation: When seriously injured, your blood forms
                  | armour. (AC +9) [demonic ancestry]
  1479 | D:2      | Reached XP level 3. HP: 22/29 MP: 3/3
  1609 | D:2      | Found a faded altar of an unknown god.
  2056 | D:2      | Identified the +2 robe "Guacoletz" {rElec Str+6 Int-3
                  | Dex+4}
  3313 | D:3      | Identified the ring of Fixkonni {rF- rN+ rCorr Int+2}
  3631 | D:3      | Reached XP level 4. HP: 35/36 MP: 4/4
  3889 | D:4      | Noticed an ogre
  4080 | D:4      | Reached skill level 4 in Fighting
  4080 | D:4      | Reached XP level 5. HP: 42/42 MP: 5/5
  4156 | D:4      | Gained mutation: Your touch may inflict minor irresistible
                  | damage on your foes. [demonic ancestry]
  4156 | D:4      | Reached XP level 6. HP: 40/49 MP: 6/6
  4301 | D:4      | Found a shadowy altar of Dithmenos.
  4313 | D:4      | Noticed Edmund
  4361 | D:4      | Killed Edmund
  4499 | D:4      | Found a glowing drain.
  4501 | D:4      | Reached skill level 5 in Fighting
  4509 | Sewer    | Entered a sewer
  4547 | Sewer    | Noticed a water moccasin
  4566 | Sewer    | Killed a water moccasin
  4567 | Sewer    | Reached XP level 7. HP: 47/56 MP: 7/7
  4869 | D:5      | Entered Level 5 of the Dungeon
  4912 | D:5      | Reached skill level 5 in Armour
  5011 | D:5      | Noticed Menkaure
  5651 | D:4      | Found a shadowy altar of Dithmenos.
  5759 | D:5      | Noticed Pikel
  5782 | D:4      | Killed Pikel
  5783 | D:4      | Reached skill level 6 in Fighting
  5783 | D:4      | Reached skill level 5 in Maces & Flails
  5783 | D:4      | Reached XP level 8. HP: 22/65 MP: 8/8
  6204 | D:5      | Killed Menkaure
  6205 | D:5      | Reached skill level 7 in Fighting
  6403 | D:6      | Found a burning altar of Makhleb.
  6421 | D:6      | Found a blossoming altar of Fedhas.
  6496 | D:6      | Found a shimmering altar of Xom.
  6554 | D:6      | Reached skill level 1 in Throwing
  6659 | D:6      | Gained mutation: When seriously injured, your blood forms
                  | thick armour. (AC +9) [demonic ancestry]
  6659 | D:6      | Reached XP level 9. HP: 70/72 MP: 9/9
  8230 | D:7      | Found a sparkling altar of Nemelex Xobeh.
  8564 | D:7      | Found a staircase to the Ecumenical Temple.
  8573 | Temple   | Entered the Ecumenical Temple
  8626 | Temple   | Became a worshipper of Hepliaklqana the Forgotten
  8861 | D:8      | Noticed a two-headed ogre
  8877 | D:8      | Killed a two-headed ogre
  8878 | D:8      | Reached skill level 8 in Fighting
  8986 | D:8      | Found a runed translucent door.
  8992 | D:8      | Noticed Jakudza's ghost (novice TeAE)
  9054 | D:8      | Found an opulent altar of Gozag.
  9078 | D:8      | Paralysed by a hornet for 3 turns
  9202 | D:8      | Found a hide-covered altar of Uskayaw.
  9431 | D:8      | Reached XP level 10. HP: 30/75 MP: 10/10
  9575 | D:8      | Identified the +1 ring mail of the Arcane {Str+3 Int+5}
 10105 | D:9      | Reached * piety under Hepliaklqana
 10109 | D:9      | Noticed a purple ugly thing
 10118 | D:9      | Noticed a deep elf pyromancer
 10119 | D:9      | Killed a purple ugly thing
 10188 | D:9      | Killed a deep elf pyromancer
 10189 | D:9      | Reached skill level 9 in Fighting
 10239 | D:9      | Identified the +7 rapier of the Thirsty Demons {vorpal,
                  | rElec rC+}
 10243 | D:9      | Noticed a green ugly thing
 10257 | D:9      | Reached skill level 5 in Throwing
 10264 | D:9      | Killed a green ugly thing
 11186 | D:9      | Gained mutation: Your touch may inflict irresistible damage
                  | on your foes. [demonic ancestry]
 11186 | D:9      | Reached XP level 11. HP: 81/81 MP: 11/11
 11253 | D:9      | Reached skill level 10 in Fighting
 11668 | D:10     | Entered Level 10 of the Dungeon
 11835 | D:10     | Noticed Henri's ghost (journeyman OpVM)
 11841 | D:10     | Found a runed translucent door.
 11868 | D:10     | Found a shimmering blue altar of Sif Muna.
 11983 | D:10     | Found a snail-covered altar of Cheibriados.
 12286 | D:10     | Found an iron altar of Okawaru.
 12356 | D:10     | Found a staircase to the Orcish Mines.
 12405 | D:10     | Reached ** piety under Hepliaklqana
 12406 | D:10     | Remembered your ancestor Zosia as a hexer
 12793 | Orc:1    | Entered Level 1 of the Orcish Mines
 12972 | Orc:2    | Entered Level 2 of the Orcish Mines
 13002 | Orc:2    | Noticed an orc high priest
 13004 | Orc:2    | Noticed an orc sorcerer
 13005 | Orc:2    | Noticed a sun demon
 13080 | Orc:2    | Noticed a soul eater
 13135 | Orc:1    | Killed an orc high priest
 13136 | Orc:1    | Reached skill level 11 in Fighting
 13136 | Orc:1    | Reached skill level 10 in Armour
 13160 | Orc:2    | Noticed an orc sorcerer
 13168 | Orc:2    | Killed an orc sorcerer
 13169 | Orc:2    | Reached skill level 10 in Maces & Flails
 13169 | Orc:2    | Paralysed by an orc sorcerer for 3 turns
 13181 | Orc:2    | Killed an orc sorcerer
 13197 | Orc:2    | Noticed an orc sorcerer
 13207 | Orc:2    | Killed an orc sorcerer
 13285 | Orc:2    | Found a staircase to the Elven Halls.
 13386 | Orc:2    | Noticed an orc high priest
 13388 | Orc:2    | Noticed an orc sorcerer
 13438 | Orc:2    | Paralysed by an orc sorcerer for 4 turns
 13506 | Orc:1    | Killed an orc high priest
 13507 | Orc:1    | Gained mutation: Your touch may irresistibly damage your
                  | foes and sap their willpower. [demonic ancestry]
 13507 | Orc:1    | Reached XP level 12. HP: 90/90 MP: 12/12
 13709 | Orc:2    | Found Xouje's Self-Improvement Boutique.
 13899 | Orc:2    | Reached *** piety under Hepliaklqana
 13984 | Orc:2    | Noticed an orc high priest
 13991 | Orc:2    | Killed an orc high priest
 13992 | Orc:2    | Reached skill level 12 in Fighting
 13995 | Orc:2    | Noticed an orc high priest
 14011 | Orc:2    | Killed an orc high priest
 14094 | Orc:2    | Noticed an orc high priest
 14105 | Orc:2    | Killed an orc high priest
 14239 | Orc:2    | Found Zumegoew's Magic Scroll Shop.
 14239 | Orc:2    | Found Ynehar's Weapon Boutique.
 14239 | Orc:2    | Found Semupt's Armour Boutique.
 14242 | Orc:2    | Found Wasaril's Jewellery Shop.
 14281 | Orc:2    | Bought a scroll of magic mapping for 112 gold pieces
 14410 | Orc:2    | Bought a manual of Fighting for 1120 gold pieces
 14699 | Orc:1    | Noticed an ettin
 14719 | Orc:1    | Killed an ettin
 14742 | Orc:1    | Noticed Erolcha
 14826 | Orc:1    | Killed Erolcha
 14827 | Orc:1    | Reached skill level 13 in Fighting
 15473 | D:11     | Reached skill level 14 in Fighting
 15659 | D:11     | Found a staircase to the Lair.
 15817 | D:11     | Noticed a two-headed ogre
 15825 | D:11     | Killed a two-headed ogre
 15826 | D:11     | Reached skill level 15 in Fighting
 16115 | Lair:1   | Entered Level 1 of the Lair of Beasts
 16127 | Lair:1   | Reached **** piety under Hepliaklqana
 16140 | Lair:1   | Found a gate leading to a gauntlet.
 16173 | Gauntlet | Entered a Gauntlet
 16173 | Gauntlet | Found a transporter.
 16173 | Gauntlet | Found a transporter.
 16180 | Gauntlet | Found a transporter.
 16195 | Gauntlet | Found a transporter.
 16198 | Gauntlet | Noticed a reaper
 16212 | Gauntlet | Found a transporter.
 16225 | Gauntlet | Found a transporter.
 16235 | Gauntlet | Noticed a five-headed hydra
 16241 | Gauntlet | Found a transporter.
 16316 | Gauntlet | Found a transporter.
 16332 | Gauntlet | Found a transporter.
 16347 | Gauntlet | Found a transporter.
 16360 | Gauntlet | Found a transporter.
 16373 | Gauntlet | Noticed a quicksilver ooze
 16379 | Gauntlet | Found a transporter.
 16456 | Gauntlet | Found a transporter.
 16469 | Gauntlet | Found a transporter.
 16469 | Gauntlet | Found a transporter.
 16469 | Gauntlet | Found a transporter.
 16534 | Gauntlet | Paralysed by a hornet for 1 turns
 16589 | Gauntlet | HP: 4/99 [reaper/+6 scythe of flaming (6)]
 16600 | Gauntlet | Mangled by a reaper

Illustrated notes

Levels and vault maps discovered:
D:1:      matt_arrival_refuge, layout_loops_corners, serial_rivers,
          chequers_serial_rivers_micro_e, chequers_serial_rivers_micro_e,
          chequers_serial_rivers_room_b, chequers_serial_rivers_large_a,
          minmay_box_of_dots
D:2:      layout_basic, shapermc_ecumenical_altar_acropolis, serial_bayou,
          serial_bayou_pond_e, serial_bayou_pond_c, serial_bayou_pond_d,
          serial_bayou_shore_a, serial_bayou_pond_e, serial_bayou_crossing,
          kennysheep_boxes
D:3:      layout_basic, minmay_misc_feat_diagonals, minmay_crystal_water
D:4:      layout_loops_ring, mainiacjoe_overflow_alcove_2, portal_sewer_entry_d,
          uniq_edmund
D:5:      layout_basic, uniq_menkaure, uniq_pikel
D:6:      layout_basic, xom_confusion_cloud, mainiacjoe_overflow_catwalk_spiral
D:7:      layout_layer_cave, nemelex_xobeh_ov_fountains_minmay,
          minmay_temple_entry_antechambers, hangedman_decor_riveting,
          nicolae_lava_and_water, moated_statue, kennysheep_generic_room_7
D:8:      layout_loops_cross, nicolae_gozag_cash_rules_everything_around_me,
          mainiacjoe_overflow_catwalk, hellmonk_ghost_big_iron
D:9:      layout_loops_cross, hangedman_minor_gate_pass
D:10:     layout_basic, lemuel_blue_sif_altar, slow_altar_1,
          mainiacjoe_overflow_surrounded_room, david_orc_3,
          hellmonk_ghost_happy_afterlife
D:11:     layout_stronghold, david_lair_shrubbed, serial_demonic,
          serial_demonic_f, serial_demonic_g, serial_demonic_f,
          serial_demonic_b, serial_demonic_c, serial_demonic_d,
          kennysheep_generic_room_6
Temple:   nicolae_temple_bog_church
Lair:1:   layout_gridlike, gauntlet_entry_generic
Orc:1:    layout_caves, uniq_erolcha
Orc:2:    st_orc_mages, layout_caves, statue_in_the_mist_lemuel,
          nicolae_shop_self_help
Gauntlet: gammafunk_gauntlet_branching [gammafunk_gauntlet_arena_spirals,
          gammafunk_gauntlet_arena_hedges, gammafunk_gauntlet_arena_corners,
          nicolae_gauntlet_arena_flowing_pool, nicolae_gauntlet_swirl,
          nicolae_gauntlet_arena_t_cross, gammafunk_gauntlet_arena_teeth,
          nicolae_gauntlet_arena_x, gauntlet_exit_watery]

Skill      XL: |  1  2  3  4  5  6  7  8  9 10 11 12 |
---------------+-------------------------------------+-----
Maces & Flails | 2 3 4 5 6 7 8 10 12 | 12.0
Armour         | 3 4 5 6 7 9 10 | 10.0
Shields        | 3 |  3.0
Fighting       | 4 5 6 7 8 9 11 15 | 15.5
Throwing       | 1 4 5 |  5.0

Action                   |  1- 3 |  4- 6 |  7- 9 | 10-12 || total
-------------------------+-------+-------+-------+-------++-------
Melee: Flail             |    71 |    63 |    58 |       ||   192
       Whip              |    85 |    99 |   230 |   610 ||  1024
       Touch             |       |       |       |   120 ||   120
       Punch             |       |       |       |     3 ||     3
Throw: Dart              |       |     2 |     6 |    45 ||    53
       Javelin           |       |       |    22 |       ||    22
       Throwing net      |       |       |     1 |       ||     1
       Boomerang         |       |       |       |    10 ||    10
Invok: Recall Ancestor   |       |       |       |    11 ||    11
       Ancestor Identity |       |       |       |     1 ||     1
       Ancestor Life: He |       |       |       |     1 ||     1
  Use: Potion            |       |     1 |    10 |     3 ||    14
       Scroll            |       |       |    14 |     1 ||    15
 Stab: Distracted        |       |       |       |     4 ||     4
       Confused          |       |       |       |     7 ||     7
Armor: Scale mail        |    63 |   112 |   112 |       ||   287
       Ring mail         |       |       |       |   189 ||   189
Dodge: Dodged            |    52 |    91 |   129 |   233 ||   505
Block: Buckler           |    37 |    44 |    53 |    32 ||   166
